 Dungeon Crawl Stone Soup version 0.29.1-1-gd02db6906a (webtiles) character file.

Game seed: 7242011616238068354

47 warriortoast the Conjurer (level 3, -3/19 HPs)
             Began as a Deep Elf Conjurer on Sept 22, 2022.
             Slain by Natasha (5 damage)
             ... on level 2 of the Dungeon.
             The game lasted 00:02:17 (1393 turns).

warriortoast the Conjurer (Deep Elf Conjurer)       Turns: 1393, Time: 00:02:17

Health: -3/19      AC:  2    Str:  4    XL:     3   Next: 48%
Magic:  4/10       EV: 12    Int: 24    God:
Gold:   52         SH:  0    Dex: 13    Spells: 9/10 levels left

rFire   . . .      SeeInvis .   j - +2 short sword (holy)
rCold   . . .      Faith    .   (no shield)
rNeg    . . .      Spirit   .   a - +0 robe
rPois   .          Reflect  .   (no helmet)
rElec   .          Harm     .   (no cloak)
rCorr   .          Rampage  .   (no gloves)
Will    +....                   (no boots)
Stlth   ++........              m - amulet of the acrobat
HPRegen 0.06/turn               i - ring of willpower
MPRegen 0.12/turn               (no ring)

@: no status effects
A: no striking features
a: no special abilities


You were on level 2 of the Dungeon.
You visited 1 branch of the dungeon, and saw 2 of its levels.

You collected 52 gold pieces.

Inventory:

Hand Weapons
 j - a +2 short sword of holy wrath (weapon)
Armour
 a - a +0 robe (worn)
 k - a +0 pair of boots
 l - the +1 ring mail of Pride {rPois}
   (You found it on level 2 of the Dungeon)

   rPois:     It protects you from poison.
Jewellery
 i - a ring of willpower (left hand)
 m - an amulet of the acrobat (around neck)
Scrolls
 h - a scroll of fog {unknown}
Potions
 b - a potion of magic
 c - a potion of berserk rage {unknown}
 d - a potion of attraction {unknown}
 e - 2 potions of invisibility {unknown}
 f - a potion of curing {unknown}
 g - a potion of mutation {unknown}


   Skills:
 - Level 2.4 Dodging
 - Level 2.4 Stealth
 + Level 4.3 Spellcasting
 + Level 5.1 Conjurations


You had 9 spell levels left.
You knew the following spells:

 Your Spells              Type           Power      Damage    Failure   Level
a - Magic Dart            Conj           100%       1d8       1%          1

Your spell library contained the following spells:

 Spells                   Type           Power      Damage    Failure   Level
 Searing Ray              Conj           60%        2d6       1%          2
 Dazzling Flash           Conj/Hex       34%        N/A       10%         3
 Fulminant Prism          Conj/Hex       8%         3d7       32%         4
 Iskenderun's Mystic Bla  Conj/Tloc      17%        2d5       32%         4


Dungeon Overview and Level Annotations

Branches:
Dungeon (2/15)

Altars:

Annotations:
D:2 Natasha


Message History

Natasha is nearby!
The magic dart hits Natasha.
Natasha is moderately wounded.
Natasha hisses angrily.
You can't see any susceptible monsters within range! (Use Z to cast anyway.) Natasha stares at you and mumbles some strange words.
The magic dart hits you.
The magic dart hits Natasha.
Natasha is moderately wounded.
The magic dart hits Natasha but does no damage.
Natasha is moderately wounded.
The magic dart hits Natasha.
Natasha is severely wounded.
The magic dart hits Natasha but does no damage.
Natasha is severely wounded.
Natasha claws you.
You are too injured to fight recklessly!
You are too injured to fight recklessly!
Casting: Magic Dart (safe; 1% risk of failure)
Confirm with . or Enter, or press ? or * to list all spells.
Aiming: Magic Dart (safe; 1% risk of failure)
Press: ? - help, Shift-Dir - straight line, f/p - Natasha
Aim: Natasha (severely wounded, 100% to hit)
The magic dart hits Natasha.
Natasha is almost dead.
Natasha drinks a potion.
Natasha is healed!
Casting: Magic Dart (safe; 1% risk of failure)
Confirm with . or Enter, or press ? or * to list all spells.
Aiming: Magic Dart (safe; 1% risk of failure)
Press: ? - help, Shift-Dir - straight line, f/p - Natasha
Aim: Natasha (100% to hit)
The magic dart hits Natasha.
Natasha is heavily wounded.
Natasha claws you.
* * * LOW HITPOINT WARNING * * *
Unknown command.
You barely miss Natasha.
Natasha is heavily wounded.
Natasha claws you.
You die...

# # . # .. # ... ######## ....
.......### ##.....
##...#...###########......#
##..####.)......@h....# ##..#
#[..<.##..####.#
##..####.#######..## .#
.........# ##..##.# .#..######
##....# ##.## #####>.###
#.###########.......#####
#.............#####.....######
#.#########.........##........


You could see Natasha.

Vanquished Creatures
  2 adders (D:2)
  2 dart slugs (D:1)
  A bat (D:1)
  An endoplasm (D:1)
  2 giant cockroaches
  4 goblins
  2 hobgoblins (D:1)
  3 jackals (D:1)
  A quokka (D:1)
  2 ball pythons (D:1)
  2 kobolds (D:1)
  A rat (D:2)
23 creatures vanquished.

Notes
Turn   | Place    | Note
-------+----------+-------------------------------------------
     0 | D:1      | warriortoast the Deep Elf Conjurer began the quest for the
                  | Orb.
     0 | D:1      | Reached XP level 1. HP: 10/10 MP: 6/6
   496 | D:1      | Reached XP level 2. HP: 15/15 MP: 4/8
  1112 | D:2      | Found a faded altar of an unknown god.
  1114 | D:2      | Identified the +1 ring mail of Pride {rPois}
  1155 | D:2      | Reached skill level 5 in Conjurations
  1155 | D:2      | Reached XP level 3. HP: 19/19 MP: 8/10
  1382 | D:2      | Noticed Natasha
  1393 | D:2      | Slain by Natasha

Illustrated notes

Levels and vault maps discovered:
D:1:      lightli_iron_boxes, layout_basic
D:2:      layout_rooms, shapermc_ecumenical_altar_venn, uniq_terence,
          uniq_natasha

Skill      XL: |  1  2 |
---------------+-------+-----
Spellcasting   | 4 |  4.3
Conjurations   | 5 |  5.1
Dodging        | |  2.4
Stealth        | |  2.4

Action                   || total
-------------------------++-------
Melee: Short sword       ||     3
 Cast: Magic Dart        ||    57
Armor: Robe              ||     1
Dodge: Dodged            ||     3
